 Dungeon Crawl Stone Soup version 0.28-a0-1190-g77e1c55843 (webtiles) character file.

Game seed: 5744700326585405303

1721 karrick the Sneak (level 9, 0/58 HPs)
             Began as a Gnoll Enchanter on Dec 19, 2021.
             Was a Follower of Okawaru.
             Succumbed to a water moccasin's poison
             ... on level 7 of the Dungeon.
             The game lasted 00:33:57 (8285 turns).

karrick the Sneak (Gnoll Enchanter)                 Turns: 8285, Time: 00:33:58

Health: 0/58       AC:  4    Str: 10    XL:     9   Next: 4%
Magic:  10/18      EV: 20    Int: 15    God:    Okawaru [*.....]
Gold:   168        SH:  5    Dex: 20    Spells: 12/20 levels left

rFire   . . .      SeeInvis .   a - +1 dagger
rCold   + . .      Faith    .   (no shield)
rNeg    . . .      Spirit   .   b - +0 robe
rPois   .          Reflect  +   (no helmet)
rElec   .          Harm     .   k - scarf {+Inv}
rCorr   .          Rampage  .   i - +0 pair of gloves
Will    .....                   (no boots)
Stlth   +++++.....              c - amulet of reflection
HPRegen 0.19/turn               j - ring of protection from cold
MPRegen 0.16/turn               n - +6 ring of dexterity

@: lethally poisoned (0 -> -22), confusing by touch, heroic
A: fangs 1, strong nose, distributed training, frail 1
a: Renounce Religion, Evoke Invisibility, Heroism


You were on level 7 of the Dungeon.
You worshipped Okawaru.
Okawaru was aware of your devotion.
You visited 2 branches of the dungeon, and saw 8 of its levels.
You also visited: Ossuary.

You collected 168 gold pieces.

Inventory:

Hand Weapons
 a - a +1 dagger (weapon)
Armour
 b - a +0 robe (worn)
 i - a +0 pair of gloves (worn)
 k - a scarf of invisibility (worn)
Jewellery
 c - an amulet of reflection (around neck)
 j - a ring of protection from cold (left hand)
 n - a +6 ring of dexterity (right hand)
Scrolls
 e - a scroll of enchant armour
 f - a scroll of identify
 g - 4 scrolls of amnesia
 l - a scroll of fog {unknown}
 o - 5 scrolls of noise
 q - a scroll of blinking {unknown}
 t - a scroll of immolation
 v - a scroll of holy word
Potions
 d - 2 potions of might
 m - 2 potions of heal wounds {unknown}
 p - 2 potions of magic
 r - a potion of mutation
 s - a potion of haste {unknown}
 u - a potion of resistance {unknown}


   Skills:
 + Level 3.8(8.8) Fighting
 + Level 4.6(9.6) Short Blades
 + Level 3.8(8.8) Long Blades
 + Level 3.8(8.8) Axes
 + Level 3.8(8.8) Maces & Flails
 + Level 3.8(8.8) Polearms
 + Level 3.8(8.8) Staves
 + Level 3.8(8.8) Slings
 + Level 3.8(8.8) Bows
 + Level 3.8(8.8) Crossbows
 + Level 3.8(8.8) Throwing
 + Level 3.8(8.8) Armour
 + Level 6.0(11.0) Dodging
 + Level 7.2(12.2) Stealth
 + Level 3.8(8.8) Shields
 + Level 3.8(8.8) Unarmed Combat
 + Level 6.3 Spellcasting
 + Level 3.1 Conjurations
 + Level 6.3 Hexes
 + Level 3.1 Summonings
 + Level 3.1 Necromancy
 + Level 3.1 Translocations
 + Level 3.1 Transmutations
 + Level 3.1 Fire Magic
 + Level 3.1 Ice Magic
 + Level 3.1 Air Magic
 + Level 3.1 Earth Magic
 + Level 3.1 Poison Magic
 + Level 4.2 Invocations
 + Level 3.8 Evocations


You had 12 spell levels left.
You knew the following spells:

 Your Spells              Type           Power      Damage    Failure   Level
a - Confusing Touch       Hex            23%        N/A       3%          3
b - Tukima's Dance        Hex            23%        N/A       3%          3
c - Ensorcelled Hibernat  Hex/Ice        38%        N/A       3%          2

Your spell library contained the following spells:

 Spells                   Type           Power      Damage    Failure   Level
 Apportation              Tloc           28%        N/A       3%          1
 Blink                    Tloc           28%        N/A       6%          2
 Static Discharge         Conj/Air       14%        N/A       6%          2
 Dazzling Flash           Conj/Hex       38%        N/A       6%          3
 Lesser Beckoning         Tloc           14%        N/A       12%         3
 Alistair's Intoxication  Tmut/Pois      9%         N/A       71%         5
 Lightning Bolt           Conj/Air       7%         1d19      71%         5
 Manifold Assault         Tloc           14%        N/A       71%         5
 Maxwell's Capacitive Co  Air            7%         ∞         100%        8


Dungeon Overview and Level Annotations

Branches:
Dungeon (8/15)             Temple (1/1) D:7         Ossuary (visited)
   Lair: D:8-11

Altars:
Ashenzari
Cheibriados
Dithmenos
Elyvilon
Fedhas
Gozag
Hepliaklqana
Kikubaaqudgha
Makhleb
Nemelex Xobeh
Okawaru
Qazlal
Ru
Sif Muna
Trog
Uskayaw
Vehumet
Wu Jian
Xom
Yredelemnul
Zin
The Shining One

Shops:
D:1 (   D:3 [   D:4 *

Annotations:
D:4 Eustachio
D:7 Menkaure


Innate Abilities, Weirdness & Mutations

You have very sharp teeth.
Your uncanny sense of smell can sniff out nearby items.
Your experience applies equally to all skills.
You are frail. (-10% HP)


Message History

You skewer the ogre like a kebab!!!
You kill the ogre!
Okawaru accepts your kill. The water moccasin bites you.
You are poisoned.
The water moccasin poisons you!
You have reached level 9!
Your experience leads to an increase in your attributes!
Your base attributes are Str 10, Int 15, Dex 12.
Increase (S)trength, (I)ntelligence, or (D)exterity?
You feel agile. x2
Okay, then.
Casting: Confusing Touch (dangerous; 3% risk of failure)
Confirm with . or Enter, or press ? or * to list all spells.
Your hands begin to glow red.
* * * LOW HITPOINT WARNING * * *
You feel very sick. You block the water moccasin's attack.
You block the orc's attack.
Unknown command.
You hit the water moccasin but do no damage.
You feel sick. The water moccasin bites you.
* * * LOW HITPOINT WARNING * * *
You are lethally poisoned!
The water moccasin poisons you!
You miss the water moccasin.
* * * LOW HITPOINT WARNING * * *
You feel very sick. The water moccasin bites you.
* * * LOW HITPOINT WARNING * * *
The orc closely misses you.
You hit the water moccasin but do no damage.
Your punch misses the water moccasin. Your bite misses the water moccasin.
The sentinel's mark upon you fades away.
* * * LOW HITPOINT WARNING * * *
You feel very sick.
It was a potion of mutation.
You feel extremely strange.
You feel frail.
You feel a hidden malignance growing inside you.
You no longer feel a malignance within.
You die...

#.###.##....##.#
#.##..###.. #.#
#.##...### #.#
#.##.)..## #.#
#.###.#..#####.#
#.###l##..##.#.#
#)##hc###......#
#.##S## ########
#.##@# #.##o#
#O##.# #.#..#
#.#.## #.#.#
#...# #####


You could see a water moccasin, a black bear, a centaur, an iguana and an orc.

Vanquished Creatures
  A wraith (D:7)
  A dancing weapon (D:5)
  2 centaurs (D:7)
  3 ogres
  A phantom (D:7)
  An elf zombie (D:5)
  3 scorpions
  3 water moccasin skeletons
  A vampire bat (D:5)
  2 centaur zombies
  A centaur skeleton (D:4)
  A hound (D:5)
  3 human zombies
  2 human skeletons (D:5)
  An iguana (D:7)
  A hound zombie (D:3)
  3 hound skeletons
  5 mummies (Ossuary)
  3 gnolls (D:2)
  4 adders
  A white imp (D:5)
  2 adder skeletons (D:4)
  An adder zombie (D:4)
  A dart slug (D:4)
  2 fire bats (D:5)
  5 orcs
  12 ball pythons
  3 bat skeletons (D:5)
  12 endoplasms
  7 giant cockroaches
  4 goblins
  2 hobgoblins
  8 jackals (D:1)
  5 kobolds
  3 quokkas (D:2)
  13 bats
  6 frilled lizards
  2 goblin zombies (Ossuary)
  3 hobgoblin zombies (Ossuary)
  An orc skeleton (D:5)
  An orc zombie (D:5)
  5 rats (D:1)
141 creatures vanquished.

Vanquished Creatures (others)
  2 dancing weapons (D:2)
  A fungus (D:1)
  2 plants (D:1)
  A withered plant (D:4)
6 creatures vanquished.

Grand Total: 147 creatures vanquished

Notes
Turn   | Place    | Note
-------+----------+-------------------------------------------
     0 | D:1      | karrick the Gnoll Enchanter began the quest for the Orb.
     0 | D:1      | Reached XP level 1. HP: 13/13 MP: 6/6
     1 | D:1      | Found a runed translucent door.
   459 | D:1      | Found a faded altar of an unknown god.
   468 | D:1      | Reached XP level 2. HP: 11/19 MP: 7/7
  1020 | D:1      | Found Umnoerab's Weapon Shoppe.
  1279 | D:1      | Reached XP level 3. HP: 25/25 MP: 9/9
  1283 | D:1      | Learned a level 3 spell: Confusing Touch
  1392 | D:1      | Reached skill level 5 in Spellcasting
  1420 | D:1      | Reached skill level 6 in Stealth
  1460 | D:1      | Reached skill level 1 in Invocations
  1876 | D:2      | Reached skill level 1 in Fighting
  1876 | D:2      | Reached skill level 1 in Long Blades
  1876 | D:2      | Reached skill level 1 in Axes
  1876 | D:2      | Reached skill level 1 in Maces & Flails
  1876 | D:2      | Reached skill level 1 in Polearms
  1876 | D:2      | Reached skill level 1 in Staves
  1876 | D:2      | Reached skill level 1 in Slings
  1876 | D:2      | Reached skill level 1 in Bows
  1876 | D:2      | Reached skill level 1 in Crossbows
  1876 | D:2      | Reached skill level 1 in Throwing
  1876 | D:2      | Reached skill level 1 in Armour
  1876 | D:2      | Reached skill level 1 in Shields
  1876 | D:2      | Reached skill level 1 in Unarmed Combat
  1876 | D:2      | Reached skill level 1 in Evocations
  2232 | D:2      | Learned a level 3 spell: Tukima's Dance
  2424 | D:2      | Reached XP level 4. HP: 29/32 MP: 7/11
  2894 | D:2      | Reached skill level 1 in Conjurations
  2894 | D:2      | Reached skill level 1 in Summonings
  2894 | D:2      | Reached skill level 1 in Necromancy
  2894 | D:2      | Reached skill level 1 in Translocations
  2894 | D:2      | Reached skill level 1 in Transmutations
  2894 | D:2      | Reached skill level 1 in Fire Magic
  2894 | D:2      | Reached skill level 1 in Ice Magic
  2894 | D:2      | Reached skill level 1 in Air Magic
  2894 | D:2      | Reached skill level 1 in Earth Magic
  2894 | D:2      | Reached skill level 1 in Poison Magic
  3144 | D:2      | Found a shadowy altar of Dithmenos.
  3735 | D:3      | Reached XP level 5. HP: 37/37 MP: 12/12
  3973 | D:3      | Found Techehazaq's Antique Armour Boutique.
  4120 | D:4      | Found Ubuoset's Assorted Antiques.
  4529 | D:4      | Reached XP level 6. HP: 36/44 MP: 8/13
  4887 | D:4      | Noticed Eustachio
  4946 | D:5      | Entered Level 5 of the Dungeon
  4948 | D:5      | Identified a scroll of acquirement
  4948 | D:5      | Acquired a book of Lightning
  4971 | D:5      | Found an opulent altar of Gozag.
  5035 | D:5      | Reached skill level 5 in Dodging
  5093 | D:5      | Reached XP level 7. HP: 20/50 MP: 10/15
  5220 | D:5      | Learned a level 2 spell: Ensorcelled Hibernation
  5222 | D:5      | Found a sand-covered staircase.
  5256 | Ossuary  | Entered an ossuary
  5742 | D:5      | Reached XP level 8. HP: 42/57 MP: 8/16
  6440 | D:5      | You fall into a shaft and drop 2 floors!
  6440 | D:7      | Noticed a shadow
  6454 | D:7      | Found a staircase to the Ecumenical Temple.
  6685 | D:7      | Noticed Menkaure
  6716 | Temple   | Entered the Ecumenical Temple
  6886 | Temple   | Became a worshipper of Warmaster Okawaru
  7170 | D:8      | Noticed a yak
  7171 | D:8      | Noticed a yak
  7171 | D:8      | Noticed a yak
  7603 | D:7      | Noticed a wraith
  7974 | D:7      | Killed a wraith
  7974 | D:7      | Reached * piety under Okawaru
  7975 | D:7      | Reached skill level 7 in Stealth
  8192 | D:7      | Found a glowing silver altar of Zin.
  8281 | D:7      | Reached XP level 9. HP: 21/65 MP: 13/18
  8285 | D:7      | Gained mutation: You are frail. (-10% HP) [potion of
                  | mutation]
  8285 | D:7      | Gained mutation: You have hidden genetic defects. [potion
                  | of mutation]
  8285 | D:7      | Lost mutation: You have hidden genetic defects. [potion of
                  | mutation]
  8285 | D:7      | Succumbed to a water moccasin's poison

Illustrated notes

Levels and vault maps discovered:
D:1:      dpeg_arrival_caged_fury, layout_basic, serial_shops, shop,
          dreamdust_ecumenical_altar_grove
D:2:      layout_basic, basic_altar, serial_aquarium, aquarium_bridge_straight
          [aquarium_subvault_bridge, aquarium_subvault_window,
          aquarium_subvault_bridge, aquarium_subvault_wall], aquarium_window_1,
          aquarium_window_corridor_3, aquarium_view_2d
D:3:      layout_loops_cross, serial_shops, nicolae_diamond_shop, minivault_25
D:4:      layout_loops_corners, serial_undead, serial_undead_e, serial_undead_e,
          serial_undead_a, serial_undead_e, serial_shops, shop_statue,
          nzn_random_ring, uniq_eustachio
D:5:      layout_loops_ring, grunt_gozag_statues,
          nicolae_ossuary_entry_catacombs, goddamned_bats
D:7:      layout_rooms, minmay_temple_entry_waves, minmay_ruined_shrine,
          uniq_menkaure
D:8:      layout_rooms
Temple:   kilobyte_greek_temple

Skill      XL: |  1  2  3  4  5  6  7  8 |
---------------+-------------------------+-----
Spellcasting   | 5 6 |  6.3
Stealth        | 6 7 |  7.2
Invocations    | 1 2 3 4 |  4.2
Fighting       | 1 2 3 |  3.8
Long Blades    | 1 2 3 |  3.8
Axes           | 1 2 3 |  3.8
Maces & Flails | 1 2 3 |  3.8
Polearms       | 1 2 3 |  3.8
Staves         | 1 2 3 |  3.8
Slings         | 1 2 3 |  3.8
Bows           | 1 2 3 |  3.8
Crossbows      | 1 2 3 |  3.8
Throwing       | 1 2 3 |  3.8
Armour         | 1 2 3 |  3.8
Shields        | 1 2 3 |  3.8
Unarmed Combat | 1 2 3 |  3.8
Evocations     | 1 2 3 |  3.8
Conjurations   | 1 2 3 |  3.1
Summonings     | 1 2 3 |  3.1
Necromancy     | 1 2 3 |  3.1
Translocations | 1 2 3 |  3.1
Transmutations | 1 2 3 |  3.1
Fire Magic     | 1 2 3 |  3.1
Ice Magic      | 1 2 3 |  3.1
Air Magic      | 1 2 3 |  3.1
Earth Magic    | 1 2 3 |  3.1
Poison Magic   | 1 2 3 |  3.1
Short Blades   | 3 4 |  4.6
Dodging        | 5 6 |  6.0
Hexes          | 6 |  6.3

Action                   |  1- 3 |  4- 6 |  7- 9 || total
-------------------------+-------+-------+-------++-------
Melee: Dagger            |   256 |   217 |   323 ||   796
       Bite              |    14 |    22 |    35 ||    71
       Punch             |     1 |       |     9 ||    10
 Cast: Confusing Touch   |    15 |    25 |    43 ||    83
       Tukima's Dance    |       |     2 |     1 ||     3
Invok: Heroism           |       |       |     1 ||     1
 Abil: Evoke Invisibilit |       |       |     1 ||     1
  Use: Potion            |     1 |       |     7 ||     8
       Scroll            |       |     3 |     7 ||    10
 Stab: Sleeping          |     5 |     9 |    15 ||    29
       Invisible         |     3 |       |       ||     3
       Confused          |     6 |    18 |    31 ||    55
Armor: Robe              |    49 |    23 |    27 ||    99
Dodge: Dodged            |   135 |    97 |   207 ||   439
Block: Other             |    35 |    24 |    74 ||   133
       Reflection        |     1 |     1 |     6 ||     8

Table legend: (Time is in decaauts)
 A = Elapsed time spent in this place.
 B = Non-inter-level travel time spent in this place.
 C = Inter-level travel time spent in this place.
 D = Time resting spent in this place.
 E = Time spent auto-exploring this place.
 F = Levels seen in this place.
 G = Mean time per level.
                   A        B        C        D        E       F      G
               +--------+--------+--------+--------+--------+-----+--------+
         Total |   8180 |   8040 |    140 |    989 |   4397 |   9 |  908.9 |
       Dungeon |   7616 |   7547 |     69 |    958 |   4267 |   7 | 1088.0 |
        Temple |    221 |    150 |     71 |      0 |    130 |   1 |  221.0 |
       Ossuary |    342 |    342 |      0 |     31 |      0 |   1 |  342.0 |
               +--------+--------+--------+--------+--------+-----+--------+

Top non-repeatable levels by time:
     D:2: 1700 daAuts
     D:1: 1632 daAuts
     D:7: 1159 daAuts
     D:5: 1107 daAuts
     D:4: 937 daAuts
     D:3: 614 daAuts
     D:8: 463 daAuts
 Ossuary: 342 daAuts
  Temple: 221 daAuts
